AoeStats
← RENAULFUEGOLACUPE

Migration

510007345Analyzed
1v1 RM · 3d ago on Sep 29, 2026· 58m 47s· 2 players
Game mode
Random Map
Map size
132×132
Population
200
Speed
Normal
Resources
Standard
Victory
Conquest
Starting age
Dark Age
Ending age
Imperial Age
RankedLock teamsTeams togetherTeam positionsShared explorationLock speedFull tech treeHidden civsTurbo modeCheats
Victory
Defeat
🇺🇸 Malay · United States
734
+14
🇦🇷 Malay · Argentina
700
-14
RENAULFUEGOLACUPE
7:49 Loom
10:24 Feudal Age
11:56 Double-Bit Axe
12:24 Fishing Lines
19:57 Castle Age
21:46 Gillnets
23:25 Demolition Ship
24:43 Medium Warships
23:57 Demolition Ship
42:15 Forging
41:55 Fletching
48:41 Imperial Age
47:07 Murder Holes
54:37 Wheelbarrow
56:50 Chemistry
58:42 Hand Cart
59:22 Heavy Warships
setsusara
0:37 Loom
11:08 Feudal Age
11:01 Loom
13:42 Double-Bit Axe
15:58 Wheelbarrow
16:12 Town Watch
17:02 Fishing Lines
18:34 Fletching
20:49 Gold Mining
24:12 Castle Age
24:52 Hand Cart
24:50 Bow Saw
24:33 Gillnets
25:03 Medium Warships
24:53 Man-at-Arms
25:34 Squires
25:12 Pikeman
25:38 Arson
27:06 Town Patrol
27:21 Bodkin Arrow
27:37 Forging
28:43 Murder Holes
29:09 Ballistics
29:00 Masonry
29:24 Thalassocracy
31:02 Gold Shaft Mining
31:34 Iron Casting
31:12 Long Swordsman
32:45 Siphons
33:54 Treadmill Crane
34:25 Careening
34:08 Heated Shot
40:02 Imperial Age
39:35 Two-Handed Swordsman
40:20 Forced Levy
40:41 Conscription
42:12 Capped Ram
44:43 Chemistry
43:54 Clinker Construction
50:26 Bracer
51:27 Blast Furnace
50:34 Scale Barding Armor
53:02 Elite Cannon Galleon
Connection lost

Rejoining the realm…

Still unreachable

The connection could not be restored.

Session expired

The server has moved on; the page needs a fresh start.